 Dungeon Crawl Stone Soup version 0.31.0-32-g396128a36d (webtiles) character file.

Game seed: 16563444853975759954

1950 monsoonserge the Chopper (level 9, -5/60 HPs)
             Began as an Octopode Cinder Acolyte on Mar 13, 2024.
             Was a High Priest of Ignis.
             Slain by an ice beast (7 damage)
             ... on level 6 of the Dungeon.
             The game lasted 00:20:05 (4860 turns).

monsoonserge the Chopper (Octopode Cinder Acolyte)  Turns: 4860, Time: 00:20:06

Health: -5/60      AC:  1    Str: 17    XL:     9   Next: 18%
Magic:  2/10       EV: 18    Int: 16    God:    Ignis [*****.]
Gold:   328        SH:  0    Dex:  8    Spells: 8/10 levels left

rFire   + . .        v - +2 war axe (elec)
rCold   . . .        (no shield)
rNeg    . . .        (helmet currently unavailable)
rPois   .            (no amulet)
rElec   .            b - +5 ring of evasion
rCorr   .            (no ring)
SInv    .            (no ring)
Will    .....        (no ring)
Stlth   ++++         (no ring)
HPRegen 0.30/turn    (no ring)
MPRegen 0.12/turn    (no ring)
                     (no ring)

%: no passive effects
@: beast-form, very slightly contaminated
A: beast (slay +2), almost no armour, amphibious, 8 rings, camouflage 1,
gelatinous body 1, (nimble swimmer 1), tentacles
a: Begin Untransformation, Renounce Religion, Fiery Armour, Foxfire Swarm,
Rising Flame


You were on level 6 of the Dungeon.
You worshipped Ignis.
Ignis was extremely pleased with you.
You were a hulking beast.
You visited 1 branch of the dungeon, and saw 6 of its levels.

You collected 328 gold pieces.

Inventory:

Hand Weapons
 a - a -1 hand axe of flaming
 t - a +1 hand axe of electrocution
 u - a +1 spear of freezing
 v - a +2 war axe of electrocution (weapon)
Missiles
 o - 12 poisoned darts (quivered)
 x - a throwing net
 z - a curare-tipped dart
Armour
 e - a +0 tower shield
Jewellery
 b - a +5 ring of evasion (left tentacle)
 c - a ring of ice
Talismans
 d - a beast talisman (active)
Wands
 n - a wand of flame (21)
 y - a wand of iceblast (5)
Scrolls
 i - a scroll of noise {unknown}
 k - 10 scrolls of identify {unknown}
 l - 5 scrolls of teleportation {unknown}
 m - a scroll of enchant armour {unknown}
 r - 2 scrolls of enchant weapon {unknown}
 s - a scroll of blinking {unknown}
Potions
 f - 3 potions of curing
 g - 2 potions of might {unknown}
 h - a potion of enlightenment {unknown}
 j - a potion of brilliance {unknown}
 p - 4 potions of berserk rage {unknown}
 q - a potion of lignification {unknown}
 w - a potion of haste {unknown}


   Skills:
 + Level 4.8 Fighting
 + Level 7.0 Axes
 + Level 1.5 Throwing
 + Level 3.3 Dodging
 + Level 5.4 Stealth
 - Level 1.0 Spellcasting
 + Level 6.3 Fire Magic
 + Level 3.6 Shapeshifting


You had 8 spell levels left.
You knew the following spells:

 Your Spells              Type           Power      Damage    Failure   Level
a - Scorch                Fire           40%        2d6       2%          2

Your spell library contained the following spells:

 Spells                   Type           Power      Damage    Failure   Level
 Jinxbite                 Hex            0%         N/A       34%         2
 Yara's Violent Unravell  Hex/Alch       0%         3d3       99%         5
 Enfeeble                 Hex            0%         N/A       100%        7


Dungeon Overview and Level Annotations

Branches:
Dungeon (6/15)
 Temple: D:4-7

Altars:
Cheibriados
Hepliaklqana
Kikubaaqudgha
Ru
Trog
Vehumet
Xom

Shops:
D:1 *   D:2 (


Innate Abilities, Weirdness & Mutations

You are a hulking beast.
Your limbs bulge with bestial killing power. (Slay +2)
You cannot wear most types of armour.
You are amphibious.
You can wear up to eight rings at the same time.
Your skin changes colour to match your surroundings (Stealth+).
Your rubbery body absorbs attacks. (AC +1, EV +1)
((You are camouflaged when in or above water. (Stealth+)))
You have tentacles for arms and can constrict up to eight enemies at once.


Message History

An ice beast comes into view.
The ice beast hits you. The ice beast freezes you!
You hit the ice beast but do no damage. You squeeze the ice beast!
The ice beast is moderately wounded.
The ice beast hits you. The ice beast freezes you.
You closely miss the ice beast. You squeeze the ice beast!
The ice beast is heavily wounded.
The ice beast misses you. The ice beast hits you. The ice beast freezes you!
* * * LOW HITPOINT WARNING * * *
You closely miss the ice beast.
The ice beast is heavily wounded.
The ice beast misses you.
Casting: Scorch (safe; 2% risk of failure)
Confirm with . or Enter, or press ? or * to list all spells.
You miscast Scorch.
You are very lightly contaminated with residual magic.
Nothing appears to happen.
The ice beast hits you.
* * * LOW HITPOINT WARNING * * *
The ice beast freezes you!
* * * LOW HITPOINT WARNING * * *
Casting: Scorch (safe; 2% risk of failure)
Confirm with . or Enter, or press ? or * to list all spells.
Flames lash the ice beast.
The ice beast melts!
The ice beast is almost dead.
The ice beast's fire resistance burns away.
The ice beast barely misses you.
Unknown command.
Casting: Scorch (safe; 2% risk of failure)
Confirm with . or Enter, or press ? or * to list all spells.
Flames lash the ice beast.
The ice beast melts!
The ice beast is almost dead.
The ice beast closely misses you.
Unknown command.
Casting: Scorch (safe; 2% risk of failure)
Confirm with . or Enter, or press ? or * to list all spells.
Flames lash the ice beast but do no damage.
The ice beast hits you.
* * * LOW HITPOINT WARNING * * *
The ice beast freezes you!
You die...

####### .....#
#..########### #h......[...#
#. ## # ###.Y###.#####.###
#..#. .###.................#
#..#.##.#.###..##..#####.#.#
............ ...##..# #>#.#
........... ###.##..#
#.#.#### #........ #.##..#
#.#.....
#.......######.##..#
#.######
#..............##..#####.# #


You could see an ice beast (combustible).

Vanquished Creatures
  Pikel (D:4)
  Menkaure (D:4)
  Edmund (D:4)
  A black bear (D:5)
  An ogre (D:6)
  2 centaurs (D:6)
  A lemure (D:4)
  A kobold brigand (D:6)
  A scorpion (D:4)
  A howler monkey (D:4)
  4 orc priests
  A hound (D:4)
  A gnoll bouda (D:4)
  A sleepcap (D:5)
  2 iguanas (D:5)
  Natasha (thrice) (D:2)
  3 orc wizards
  11 gnolls
  10 adders
  A white imp (D:4)
  2 ufetubi (D:6)
  3 ribbon worms
  4 dart slugs
  13 orcs
  9 bats
  9 endoplasms
  3 giant cockroaches
  7 hobgoblins
  3 quokkas
  10 ball pythons
  7 frilled lizards
  4 goblins
  16 kobolds
  6 rats
144 creatures vanquished.

Vanquished Creatures (collateral kills)
  3 foxfires (D:2)
3 creatures vanquished.

Vanquished Creatures (others)
  16 foxfires (D:2)
16 creatures vanquished.

Grand Total: 163 creatures vanquished

Notes
Turn   | Place    | Note
-------+----------+-------------------------------------------
     0 | D:1      | monsoonserge the Octopode Cinder Acolyte began the quest
                  | for the Orb.
     0 | D:1      | Reached XP level 1. HP: 16/16 MP: 2/2
   106 | D:1      | Reached XP level 2. HP: 21/21 MP: 3/3
   188 | D:1      | Found Vefasill's General Store.
   232 | D:1      | Learned a level 2 spell: Scorch
   273 | D:1      | Reached skill level 1 in Stealth
   518 | D:1      | Reached XP level 3. HP: 18/26 MP: 4/4
   755 | D:2      | Noticed Natasha
   807 | D:2      | Killed Natasha
   808 | D:2      | Reached XP level 4. HP: 12/31 MP: 0/5
  1031 | D:2      | Found a faded altar of an unknown god.
  1164 | D:2      | Noticed Natasha
  1173 | D:2      | Killed Natasha
  1174 | D:2      | Reached skill level 1 in Dodging
  1174 | D:2      | Reached skill level 1 in Shapeshifting
  1174 | D:2      | Reached XP level 5. HP: 36/36 MP: 1/6
  1258 | D:2      | Found Kausm's Weapon Shoppe.
  1492 | D:2      | Noticed Natasha
  1496 | D:2      | Killed Natasha
  1497 | D:2      | Reached skill level 4 in Axes
  2227 | D:3      | Reached XP level 6. HP: 12/43 MP: 0/7
  2586 | D:4      | Found a hazy altar of Hepliaklqana.
  2587 | D:4      | Found a shimmering altar of Xom.
  2587 | D:4      | Noticed a tentacled monstrosity
  2598 | D:4      | Noticed Menkaure
  2604 | D:4      | Killed Menkaure
  2813 | D:4      | Reached skill level 5 in Fire Magic
  2813 | D:4      | Reached XP level 7. HP: 28/47 MP: 2/8
  3014 | D:4      | Noticed Edmund
  3409 | D:4      | Noticed Pikel
  3427 | D:4      | Killed Pikel
  3428 | D:4      | Reached skill level 5 in Axes
  3428 | D:4      | Reached skill level 1 in Throwing
  3428 | D:4      | Reached XP level 8. HP: 45/54 MP: 9/9
  3604 | D:4      | Killed Edmund
  3605 | D:4      | Reached skill level 6 in Axes
  3783 | D:4      | Noticed a tentacled monstrosity
  3784 | D:4      | Noticed a spectral ugly thing
  3830 | D:5      | Entered Level 5 of the Dungeon
  4071 | D:5      | Reached skill level 5 in Stealth
  4332 | D:5      | Found a sacrificial altar of Ru.
  4335 | D:5      | Found an ancient bone altar of Kikubaaqudgha.
  4335 | D:5      | Found a snail-covered altar of Cheibriados.
  4337 | D:5      | Found a bloodstained altar of Trog.
  4338 | D:5      | Found a radiant altar of Vehumet.
  4501 | D:6      | Reached XP level 9. HP: 54/59 MP: 10/10
  4807 | D:6      | Reached skill level 7 in Axes
  4860 | D:6      | HP: 2/60 [ice beast (4)]
  4860 | D:6      | Slain by an ice beast

Illustrated notes

Levels and vault maps discovered:
D:1:      dpeg_arrival_simpleton_b, layout_loops_ring, serial_shops, shop
D:2:      layout_basic, serial_shops, shop, shapermc_ecumenical_altar_acropolis,
          minmay_gold_behind_fungi, uniq_natasha
D:3:      layout_rooms, chequers_serial_rivers_small_b, hangedman_decor_lopped
D:4:      nicolae_BIG_FREAKIN_CUBE, layout_gridville,
          regret_index_temple_of_mockery, uniq_menkaure, uniq_edmund, uniq_pikel
D:5:      layout_rooms, grunt_temple_overflow_open
D:6:      layout_loops_ring, uniq_maggie

Skill      XL: |  1  2  3  4  5  6  7  8  9 |
---------------+----------------------------+-----
Stealth        | 1 2 3 4 5 |  5.4
Dodging        | 1 2 3 |  3.3
Shapeshifting  | 1 2 3 |  3.6
Axes           | 4 5 6 7 |  7.0
Fire Magic     | 4 5 6 |  6.3
Fighting       | 4 |  4.8
Throwing       | 1 |  1.5
Spellcasting   | |  1.0

Action                     |  1- 3 |  4- 6 |  7- 9 || total
---------------------------+-------+-------+-------++-------
  Melee: Hand axe          |    64 |    61 |    39 ||   164
         Constrict         |    14 |    15 |    28 ||    57
         Tentacles         |    15 |     7 |    29 ||    51
         War axe           |       |       |    79 ||    79
         Punch             |       |       |     2 ||     2
  Throw: Dart              |       |       |     8 ||     8
   Cast: Scorch            |     2 |    35 |    15 ||    52
 Invoke: Foxfire Swarm     |       |     1 |       ||     1
         Fiery Armour      |       |     1 |       ||     1
    Use: Potion            |       |     1 |       ||     1
   Stab: Sleeping          |     5 |     4 |     3 ||    12
         Distracted        |       |       |     2 ||     2
 Armour: Skin              |    18 |    27 |    65 ||   110
  Dodge: Dodged            |    44 |    39 |   110 ||   193
   Form: Beast             |     1 |       |       ||     1
